 Dungeon Crawl Stone Soup version 0.30.1-11-g7821555f0a (webtiles) character file.

Game seed: 4494249957449173315

24634 Destapler the Basher (level 12, -3/126 HPs)
             Began as a Troll Berserker on Dec 23, 2023.
             Was an Elder of Trog.
             Shot with an arrow by Nessos (20 damage)
             ... on level 4 of the Lair of Beasts on Dec 25, 2023.
             The game lasted 00:45:48 (11854 turns).

Destapler the Basher (Troll Berserker)             Turns: 11854, Time: 00:45:48

Health: -3/126     AC:  9    Str: 30    XL:     12   Next: 82%
Magic:  11/11      EV: 13    Int:  5    God:    Trog [****..]
Gold:   654        SH:  0    Dex: 17    Spells: 11/11 levels left

rFire   . . .        a - +8 whip "Snakebite" {venom, curare, rPois}
rCold   . . .        (no shield)
rNeg    . . .        m - +4 robe of the Sea {Will+ Dex+2}
rPois   +            (helmet restricted)
rElec   .            r - +0 cloak
rCorr   +            (gloves unavailable)
SInv    .            (boots unavailable)
Will    +....        M - amulet of the acrobat
Stlth   ++           w - ring of resist corrosion
HPRegen 1.21/turn    n - +6 ring of dexterity
MPRegen 0.12/turn

%: acrobat
@: no status effects
A: large, unfitting armour, claws 3, regeneration 1, shaggy fur 1, tough skin 1
a: Renounce Religion, Berserk, Trog's Hand, Brothers in Arms


You were on level 4 of the Lair of Beasts.
You worshipped Trog.
Trog was greatly pleased with you.
You visited 2 branches of the dungeon, and saw 13 of its levels.

You collected 710 gold pieces.
You spent 56 gold pieces at shops.

Inventory:

Hand Weapons
 a - the +8 whip "Snakebite" (weapon) {venom, curare, rPois}
   (You found it on level 2 of the Lair of Beasts)

   rPois:     It protects you from poison.
 b - the +5 whip of Circular Logic {flame, rF++ rC+ MP+9 Str-5 Stlth+}
   (You took it off a hobgoblin on level 1 of the Dungeon)

   Str:       It affects your strength (-5).
   rF:        It greatly protects you from fire.
   rC:        It protects you from cold.
   MP:        It affects your magic capacity (+9).
   Stlth:     It makes you more stealthy.
 I - a +3 war axe of flaming
 K - a +7 vampiric short sword
Missiles
 h - 18 stones (quivered)
 p - 8 boomerangs
 y - 14 poisoned darts
 L - 7 throwing nets
Armour
 m - the +4 robe of the Sea (worn) {Will+ Dex+2}
   (You found it on level 3 of the Dungeon)

   Dex:       It affects your dexterity (+2).
   Will:      It increases your willpower.
 r - a +0 cloak (worn)
 J - +0 acid dragon scales
Jewellery
 g - a ring of protection from cold
 j - a ring of positive energy
 n - a +6 ring of dexterity (right claw)
 s - a ring of flight
 w - a ring of resist corrosion (left claw)
 M - an amulet of the acrobat (around neck)
 N - an amulet of regeneration
Wands
 t - a wand of charming (15)
 v - a wand of iceblast (14)
 F - a wand of mindburst (13)
 G - a wand of flame (39)
Scrolls
 c - 3 scrolls of immolation
 d - 2 scrolls of fear
 i - a scroll of enchant armour
 k - a scroll of fog
 o - 8 scrolls of teleportation
Potions
 e - 4 potions of curing
 f - 3 potions of attraction
 l - a potion of mutation {unknown}
 q - 2 potions of resistance
 u - a potion of might
 x - a potion of magic {unknown}
 A - 2 potions of flight
 B - a potion of haste
 P - a potion of berserk rage


   Skills:
 + Level 10.2 Fighting
 * Level 12.4 Maces & Flails
 + Level 6.5 Throwing
 - Level 4.0 Armour
 - Level 6.0 Dodging
 - Level 4.0 Unarmed Combat
 + Level 4.5 Evocations


You had 11 spell levels left.
You didn't know any spells.
Your spell library contained the following spells:

 Spells                   Type           Power      Damage    Failure   Level
 Slow                     Hex            0%         N/A       47%         1
 Summon Small Mammal      Summ           0%         N/A       47%         1
 Call Canine Familiar     Summ           0%         N/A       85%         3
 Confusing Touch          Hex            0%         N/A       85%         3
 Frozen Ramparts          Ice            0%         1d1       85%         3
 Ignite Poison            Fire/Tmut/Pois 0%         N/A       85%         3
 Portal Projectile        Hex/Tloc       0%         N/A       85%         3
 Summon Guardian Golem    Hex/Summ       0%         N/A       85%         3
 Tukima's Dance           Hex            0%         N/A       85%         3
 Vampiric Draining        Necr           0%         2d6       85%         3
 Anguish                  Hex/Necr       0%         N/A       99%         4
 Cause Fear               Hex            0%         N/A       99%         4
 Ice Form                 Ice/Tmut       0%         N/A       99%         4
 Passage of Golubria      Tloc           0%         N/A       99%         4
 Sticky Flame             Conj/Fire      0%         2d3       99%         4
 Summon Ice Beast         Ice/Summ       0%         N/A       99%         4
 Blade Hands              Tmut           0%         N/A       100%        5
 Yara's Violent Unravell  Hex/Tmut       0%         3d3       100%        5
 Enfeeble                 Hex            0%         N/A       100%        7
 Ignition                 Fire           0%         3d3       100%        8


Dungeon Overview and Level Annotations

Branches:
Dungeon (9/15)             Temple (0/1) D:4            Lair (4/5) D:8
  Swamp (0/4) Lair:2       Spider (0/4) Lair:2
  Slime: Lair:4-5       Orc: D:9-12

Altars:
Ashenzari
Fedhas
Kikubaaqudgha
Nemelex Xobeh
Ru

Shops:
D:5 (!

Annotations:
Lair:4 Nessos


Innate Abilities, Weirdness & Mutations

You are too large for most types of armour.
You have claws for hands.
Your natural rate of healing is unusually fast.
You are covered in fur. (AC +1)
You have tough skin. (AC +1)


Message History

Nessos shoots an arrow.
The arrow hits you!! The arrow burns you!
You are poisoned.
Nessos says, "Study your classics!"
Nessos shoots an arrow.
The arrow hits you! The arrow burns you.
You feel extremely sick. The wyvern misses you.
Nessos shoots an arrow.
The arrow hits you. The arrow burns you.
You whack the wyvern!
The wyvern is poisoned.
The wyvern convulses.
The wyvern seems to slow down.
The wyvern is heavily wounded.
You feel very sick.
Nessos shoots an arrow.
The arrow hits you.
* * * LOW HITPOINT WARNING * * *
The arrow burns you.
* * * LOW HITPOINT WARNING * * *
The wyvern closely misses you.
Your ogre goes berserk!
Trog will no longer gift you weapons.
You feel extremely sick.
Nessos shoots an arrow.
The arrow hits you!
* * * LOW HITPOINT WARNING * * *
The arrow burns you.
* * * LOW HITPOINT WARNING * * *
Nessos shoots an arrow.
The arrow hits you!
* * * LOW HITPOINT WARNING * * *
The arrow burns you.
* * * LOW HITPOINT WARNING * * *
The wyvern closely misses you.
You feel much better.
You feel very sick.
Nessos gestures wildly while chanting.
Nessos blinks!
Nessos shoots an arrow.
The arrow hits you!
* * * LOW HITPOINT WARNING * * *
The arrow burns you.
You are lethally poisoned!
* * * LOW HITPOINT WARNING * * *
The wyvern bites you.
* * * LOW HITPOINT WARNING * * *
You feel better.
Nessos shoots an arrow.
The arrow hits you!!
You die...

P........#####.......>..##...####
.........####..#...§.c##....##
......#####...#.#....####...##
..#####.#....###......##...#.#
..## ###.....#.#.....P#.....##
P..##P........#......##...###
.............#........#..##
..........................#
................@.......###
................Ol......##
.........................#
.....#...........<.......#
......#.................)##
....####............#..##.#
...###.#P......#.######.###
..###.#...÷..P#.## ###
..<........PP..##


You could see Nessos (fast), a wyvern (very poisoned, slow, ally target) and a
friendly ogre (summoned, berserk).

Vanquished Creatures
  Harold (D:9)
  2 hydras
  A ghost crab (Lair:2)
  A spectral catoblepas (Lair:2)
  9 elephants
  2 black mambas (Lair:2)
  8 cane toads
  2 komodo dragons
  2 polar bears
  18 blink frogs
  Sigmund (D:2)
  2 wyverns (Lair:3)
  5 basilisks
  18 yaks
  2 steam dragons
  A spectral komodo dragon (Lair:2)
  Menkaure (D:6)
  Grum (D:8)
  13 water moccasins
  An acid dragon (D:9)
  Duvessa (D:6)
  2 orc warriors (D:9)
  2 ice beasts
  2 black bears
  2 ogres
  3 sky beasts
  21 wolves
  A spectral rime drake (Lair:2)
  4 centaurs
  4 phantoms
  5 bullfrogs
  A spectral water moccasin (Lair:2)
  3 gnoll sergeants
  A spectral wyvern (Lair:2)
  2 kobold brigands (D:8)
  A scorpion (D:5)
  Dowan (D:6)
  3 killer bees
  A howler monkey (D:7)
  2 hounds
  Crazy Yiuf (D:2)
  2 gnoll boudas
  5 orc priests
  Jessica (D:2)
  5 iguanas
  2 sleepcaps
  Terence (D:2)
  5 orc wizards
  21 gnolls
  12 adders
  An ufetubus (D:4)
  32 orcs
  3 ball pythons
  4 bats
  6 endoplasms
  4 giant cockroaches
  13 goblins
  5 hobgoblins
  3 jackals (D:3)
  14 kobolds
  5 quokkas
  2 frilled lizards
  5 rats
305 creatures vanquished.

Notes
Turn   | Place    | Note
-------+----------+-------------------------------------------
     0 | D:1      | Destapler the Troll Berserker began the quest for the Orb.
     0 | D:1      | Reached XP level 1. HP: 22/22 MP: 0/0
   234 | D:1      | Reached XP level 2. HP: 29/29 MP: 1/1
   445 | D:1      | Found a faded altar of an unknown god.
   774 | D:2      | Noticed Jessica
   778 | D:2      | Killed Jessica
   779 | D:2      | Reached XP level 3. HP: 37/37 MP: 2/2
   912 | D:2      | Identified the +4 ring mail "Xileub" {rC++}
   926 | D:2      | Reached XP level 4. HP: 37/45 MP: 3/3
   995 | D:2      | Identified the +5 whip of Circular Logic {flame, rF++ rC+
                  | MP+9 Str-5 Stlth+}
   998 | D:2      | Noticed Sigmund
  1007 | D:1      | Reached ** piety under Trog
  1130 | D:2      | Noticed Terence
  1142 | D:2      | Killed Terence
  1175 | D:2      | You fall into a shaft and drop 1 floor!
  1780 | D:3      | Identified the +4 robe of the Sea {Will+ Dex+2}
  1848 | D:3      | Reached XP level 5. HP: 48/53 MP: 4/4
  2280 | D:2      | Killed Sigmund
  2281 | D:2      | Reached XP level 6. HP: 62/62 MP: 5/5
  2526 | D:2      | Found a sparkling altar of Nemelex Xobeh.
  2707 | D:2      | Found a runed translucent door.
  2708 | D:2      | Noticed Crazy Yiuf
  2719 | D:2      | Killed Crazy Yiuf
  2932 | D:4      | Found a blossoming altar of Fedhas.
  2971 | D:4      | Found a staircase to the Ecumenical Temple.
  3315 | D:4      | Reached XP level 7. HP: 46/71 MP: 6/6
  3693 | D:5      | Entered Level 5 of the Dungeon
  3693 | D:5      | Found Utaf's Antique Weapon Emporium.
  3734 | D:5      | Reached skill level 5 in Fighting
  3734 | D:5      | Reached skill level 5 in Dodging
  3936 | D:5      | Reached skill level 1 in Maces & Flails
  3938 | D:5      | Reached XP level 8. HP: 81/81 MP: 7/7
  4125 | D:5      | Found Fubutwuomo's Distillery.
  4134 | D:5      | Bought a potion of curing for 42 gold pieces
  4134 | D:5      | Bought a potion of degeneration for 14 gold pieces
  4342 | D:5      | Reached skill level 1 in Throwing
  4342 | D:5      | Reached skill level 1 in Armour
  4582 | D:6      | Noticed Menkaure
  4589 | D:6      | Reached skill level 1 in Evocations
  4591 | D:6      | Killed Menkaure
  4592 | D:6      | Reached skill level 2 in Maces & Flails
  4713 | D:7      | Reached *** piety under Trog
  4735 | D:6      | Reached skill level 3 in Maces & Flails
  4829 | D:6      | Noticed Dowan
  4830 | D:6      | Noticed Duvessa
  4842 | D:6      | Killed Duvessa
  4878 | D:6      | Killed Dowan
  5182 | D:6      | Found an ancient bone altar of Kikubaaqudgha.
  5502 | D:7      | Reached XP level 9. HP: 89/89 MP: 8/8
  5673 | D:7      | Reached skill level 4 in Maces & Flails
  6535 | D:8      | Reached skill level 5 in Maces & Flails
  6590 | D:8      | Found a broken altar of Ashenzari.
  6602 | D:8      | Found a sacrificial altar of Ru.
  6703 | D:8      | Found a staircase to the Lair.
  6787 | D:8      | Reached **** piety under Trog
  6915 | D:8      | Noticed Grum
  6928 | D:8      | Reached skill level 6 in Maces & Flails
  6933 | D:8      | Killed Grum
  6934 | D:8      | Reached XP level 10. HP: 19/100 MP: 9/9
  6943 | D:8      | HP: 1/100 [something (6)]
  7604 | D:9      | Noticed Harold
  7620 | D:9      | Killed Harold
  7621 | D:9      | Reached skill level 7 in Maces & Flails
  7786 | Lair:1   | Entered Level 1 of the Lair of Beasts
  7980 | Lair:1   | Reached skill level 8 in Maces & Flails
  8011 | Lair:1   | Noticed a cane toad
  8027 | Lair:1   | Killed a cane toad
  8161 | Lair:1   | Noticed a cane toad
  8173 | Lair:1   | Killed a cane toad
  8490 | Lair:2   | Reached XP level 11. HP: 62/113 MP: 10/10
  8695 | Lair:2   | Reached skill level 5 in Throwing
  8896 | Lair:2   | Found the +8 whip "Snakebite" {venom, curare, rPois}
  9005 | Lair:2   | Reached skill level 9 in Maces & Flails
  9220 | Lair:2   | Found a hole to the Spider Nest.
  9703 | Lair:2   | Found a staircase to the Swamp.
  9703 | Lair:2   | Noticed a ghost crab
  9818 | Lair:2   | Killed a ghost crab
 10209 | Lair:3   | Reached skill level 10 in Maces & Flails
 10214 | Lair:3   | Reached XP level 12. HP: 105/126 MP: 11/11
 10463 | Lair:3   | Reached skill level 10 in Fighting
 10563 | Lair:3   | Reached skill level 11 in Maces & Flails
 10644 | Lair:3   | Reached ***** piety under Trog
 10736 | Lair:3   | Noticed a five-headed hydra
 10744 | Lair:3   | Killed a five-headed hydra
 11075 | Lair:3   | Reached skill level 12 in Maces & Flails
 11370 | Lair:4   | Noticed a seven-headed hydra
 11381 | Lair:4   | Killed a seven-headed hydra
 11724 | Lair:4   | Identified the +6 quarterstaff of Nudurusy {heavy, Str+5}
 11848 | Lair:4   | Noticed Nessos
 11854 | Lair:4   | Shot with an arrow by Nessos

Illustrated notes

Levels and vault maps discovered:
D:1:      dpeg_arrival_castle, layout_basic,
          dreamdust_ecumenical_altar_hidden_monk_grotto,
          minmay_misc_feat_square, nrook_loot_triangle
D:2:      layout_loops_ring, basic_altar, uniq_jessica, uniq_sigmund,
          uniq_crazy_yiuf_cottage, uniq_terence
D:3:      layout_basic
D:4:      layout_basic, fedhas_altar_2, temple_hall, minmay_quantized
D:5:      layout_basic, serial_shops, nicolae_diamond_shop,
          nicolae_shop_tiny_waterfront
D:6:      layout_loops_ring, mainiacjoe_overflow_six_doors_small, uniq_menkaure,
          uniq_duvessa
D:7:      layout_basic, enter_bailey_3, minmay_diced_spiral
D:8:      layout_rooms, minitemple, lair_entry_dummy, uniq_grum
D:9:      layout_irregular_city, chequers_temple_overflow_statue_of_worship,
          mainiacjoe_overflow_alcove_4, minmay_lindwurm_lava, uniq_harold,
          uniq_psyche
Lair:1:   layout_misc_corridors, fungi_pond_lemuel
Lair:2:   minmay_guarded_unrand_snakebite, layout_gridlike,
          nicolae_swamp_entry_spooky, spider_nest_entry_web_field,
          lemuel_fruit_fields
Lair:3:   layout_layer_cave
Lair:4:   layout_hall_layers, slime_entry_1, uniq_nessos

Skill      XL: |  1  2  3  4  5  6  7  8  9 10 11 12 |
---------------+-------------------------------------+-----
Fighting       | 3 4 5 6 8 9 10 | 10.2
Dodging        | 3 4 5 6 |  6.0
Maces & Flails | 1 3 6 8 10 12 | 12.4
Throwing       | 2 4 6 |  6.5
Armour         | 2 3 4 |  4.0
Evocations     | 2 4 |  4.5
Unarmed Combat | 4 |  4.0

Action                     |  1- 3 |  4- 6 |  7- 9 | 10-12 || total
---------------------------+-------+-------+-------+-------++-------
  Melee: Unarmed           |    76 |     5 |       |       ||    81
         Whip              |       |    98 |   393 |   647 ||  1138
         Punch             |       |     7 |     9 |    26 ||    42
  Throw: Stone             |     3 |    10 |    34 |    49 ||    96
         Dart              |       |       |       |     5 ||     5
         Boomerang         |       |       |       |     1 ||     1
 Invoke: Berserk           |     1 |     2 |     7 |    12 ||    22
         Trog's Hand       |       |       |     2 |     1 ||     3
         Brothers in Arms  |       |       |       |     1 ||     1
  Evoke: Wand              |       |       |       |     3 ||     3
    Use: Scroll            |     2 |       |     9 |     8 ||    19
         Potion            |       |       |     3 |     3 ||     6
   Stab: Sleeping          |       |     2 |     6 |     4 ||    12
         Distracted        |       |       |       |     1 ||     1
 Armour: Animal skin       |    33 |    15 |       |       ||    48
         Robe              |       |    22 |   215 |   131 ||   368
         Skin              |       |       |     8 |       ||     8
  Dodge: Dodged            |    42 |    53 |   266 |   293 ||   654
